 Dungeon Crawl Stone Soup version 0.24.0-123-gd5b16e6ec5 (webtiles) character file.

Game seed: 15558340745212582127, levelgen mode: deterministic

340 Mesmaeker13 the Skirmisher (level 6, -2/51 HPs)
             Began as a Demigod Skald on Jan 3, 2020.
             Slain by an iguana (7 damage)
             ... on level 5 of the Dungeon.
             The game lasted 00:06:51 (5011 turns).

Mesmaeker13 the Skirmisher (Demigod Skald)          Turns: 5011, Time: 00:06:52

Health: -2/51      AC:  7    Str: 18    XL:     6   Next: 8%
Magic:  11/11      EV: 12    Int: 17    God:
Gold:   300        SH:  0    Dex: 15    Spells: 7/8 levels left

rFire    + . .     SeeInvis .   l - +2 trident (pierce)
rCold    + . .     Gourm    .   (no shield)
rNeg     . . .     Faith    .   h - +0 ring mail
rPois    +         Spirit   .   s - +1 helmet
rElec    +         Reflect  .   (no cloak)
rCorr    +         Harm     .   (no gloves)
MR       .....                  (no boots)
Stlth    +.........             (no amulet)
HPRegen  0.17/turn              f - ring of flight
MPRegen  0.12/turn              (no ring)

@: lethally poisoned (-2 -> -18), resistant
A: high mp 1
a: Evoke Flight


You were on level 5 of the Dungeon.
You were hungry.

You visited 1 branch of the dungeon, and saw 5 of its levels.

You collected 300 gold pieces.

Inventory:

Hand Weapons
 a - a +0 falchion
 l - a +2 trident of piercing (weapon)
Missiles
 b - 7 boomerangs
 j - 10 poisoned darts (quivered)
Armour
 g - a +0 chain mail
 h - a +0 ring mail (worn)
 s - a +1 helmet (worn)
Jewellery
 c - an uncursed ring of fire {unknown}
 f - a ring of flight (left hand)
 v - an uncursed ring of positive energy {unknown}
Scrolls
 e - 4 scrolls of teleportation
 n - a scroll of enchant armour {unknown}
 p - 4 scrolls of remove curse
 r - 4 scrolls of magic mapping {unknown}
 t - 2 scrolls of amnesia
 x - 3 scrolls of random uselessness {unknown}
Potions
 d - a potion of might
 i - a potion of flight {unknown}
 k - a potion of degeneration {unknown}
 m - a potion of resistance
 o - a potion of heal wounds {unknown}
 u - 2 potions of haste {unknown}
 w - a potion of agility {unknown}
Comestibles
 q - 5 rations


   Skills:
 + Level 3.4 Fighting
 - Level 3.3 Long Blades
 + Level 0.0 Polearms
 + Level 2.9 Armour
 + Level 3.3 Dodging
 - Level 1.7 Spellcasting
 - Level 2.6 Charms


You had 7 spell levels left.
You knew the following spells:

 Your Spells              Type           Power        Failure   Level  Hunger
a - Infusion              Chrm           ##..         12%         1    #......

Your spell library contained the following spells:

 Spells                   Type           Power        Failure   Level  Hunger
 Song of Slaying          Chrm           ##......     17%         2    ###....
 Shroud of Golubria       Chrm/Tloc      #.....       30%         2    ###....
 Regeneration             Chrm/Necr      #.........   52%         3    ###....
 Spectral Weapon          Hex/Chrm       #.......     52%         3    ###....


Dungeon Overview and Level Annotations

Branches:
Dungeon (5/15)             Temple (0/1) D:4


Innate Abilities, Weirdness & Mutations

You have an increased reservoir of magic. (+10% MP)


Message History

You hit the iguana.
The iguana is severely wounded.
You feel sick. The iguana bites you. The scorpion misses you.
You barely miss the iguana.
The iguana is severely wounded.
You feel sick. The iguana bites you. The scorpion stings you.
You are more poisoned.
The scorpion poisons you!
You closely miss the iguana.
The iguana is severely wounded.
You feel sick.
The scorpion looks more healthy.
The iguana bites you!
* * * LOW HITPOINT WARNING * * *
The scorpion completely misses you. The iguana closely misses you.
The scorpion stings you.
* * * LOW HITPOINT WARNING * * *
It was a potion of resistance.
You feel protected.
* * * LOW HITPOINT WARNING * * *
You feel sick. The iguana bites you!
You die...

#.##.####.+
+..#.#
#.##.#
##.#..
#.##.# #.# #
#. #.##.#
#.# #.
#.##.# #.#
.###l##.##.#
#..
...........#
###
###.##l#..#
#..#@#..#
###.#s#....
#....(#..###
#.##(##..#
......#
....##.#
#....#
#.....
#.....


You could see a scorpion and an iguana.

Vanquished Creatures
  A centaur skeleton (D:4)
  A jelly (D:5)
  2 orc wizards
  2 orc priests (D:3)
  Robin (D:2)
  5 adders
  2 oozes
  An adder skeleton (D:4)
  2 worms
  A dart slug (D:2)
  5 leopard geckos
  9 orcs
  2 giant cockroaches
  15 goblins
  10 hobgoblins
  3 bats
  3 frilled lizards
  7 kobolds
  A leopard gecko skeleton (D:4)
  11 rats
84 creatures vanquished.

Notes
Turn   | Place    | Note
-------+----------+-------------------------------------------
     0 | D:1      | Mesmaeker13 the Demigod Skald began the quest for the Orb.
     0 | D:1      | Reached XP level 1. HP: 17/17 MP: 5/5
    36 | D:1      | Reached skill level 1 in Armour
   535 | D:1      | Reached XP level 2. HP: 21/24 MP: 7/7
  1308 | D:2      | Reached XP level 3. HP: 27/30 MP: 8/8
  1595 | D:2      | Found a sparkling altar of Nemelex Xobeh.
  1664 | D:2      | Noticed Robin
  1692 | D:2      | Killed Robin
  2091 | D:2      | Reached XP level 4. HP: 35/37 MP: 9/9
  3398 | D:3      | Found a shadowy altar of Dithmenos.
  3640 | D:3      | Reached XP level 5. HP: 41/45 MP: 10/10
  4267 | D:4      | Found a shimmering blue altar of Sif Muna.
  4318 | D:4      | Found a staircase to the Ecumenical Temple.
  4938 | D:5      | Entered Level 5 of the Dungeon
  4946 | D:5      | Reached XP level 6. HP: 49/51 MP: 7/11
  5011 | D:5      | Slain by an iguana

Levels and vault maps discovered:
D:1:      evilmike_arrival_grusome_pit, layout_loops_ring,
          hangedman_feature_mirror
D:2:      layout_loops_ring, moated_statue, nemelex_dance_club_becter,
          uniq_robin
D:3:      layout_basic, old_standard_altar
D:4:      layout_loops_cross, old_standard_altar,
          minmay_temple_entry_metal_lava, portal_sewer_entry_a, first_ration
D:5:      layout_basic, serial_shops, nicolae_shop_behind_doors

Skill      XL: |  1  2  3  4  5 |
---------------+----------------+-----
Armour         | 1 2 |  2.9
Long Blades    | 2 3 |  3.3
Dodging        | 2 3 |  3.3
Fighting       | 2 3 |  3.4
Spellcasting   | |  1.7
Charms         | |  2.6

Action                   |  1- 3 |  4- 6 || total
-------------------------+-------+-------++-------
Melee: Falchion          |   140 |   112 ||   252
       Trident           |       |     4 ||     4
Throw: Dart              |     4 |    44 ||    48
       Boomerang         |     1 |       ||     1
 Cast: Infusion          |     2 |     3 ||     5
  Use: Scroll            |     3 |     4 ||     7
       Potion            |       |     1 ||     1
  Eat: Chunk             |     4 |     5 ||     9
       Ration            |       |     1 ||     1
Armor: Leather armour    |    18 |       ||    18
       Ring mail         |    48 |    36 ||    84
Dodge: Dodged            |    85 |    71 ||   156
       Rpst.: Falchion   |    24 |    22 ||    46
